 Dungeon Crawl Stone Soup version 0.30-a0-1035-g38d5fb2972 (webtiles) character file.

Game seed: 9015606199316382022

1449 Arcadio the Carver (level 8, 0/67 HPs)
             Began as a Barachi Reaver on Apr 8, 2023.
             Was a Priest of Fedhas.
             Slain by an iguana (2 damage)
             ... on level 7 of the Dungeon.
             The game lasted 00:29:16 (6766 turns).

Arcadio the Carver (Barachi Reaver)                 Turns: 6766, Time: 00:29:17

Health: 0/67       AC:  8    Str: 14    XL:     8   Next: 75%
Magic:  20/20      EV: 12    Int: 13    God:    Fedhas [***...]
Gold:   234        SH:  0    Dex: 13    Spells: 8/11 levels left

rFire   . . .      SeeInvis .    B - +2 flail (protect)
rCold   . . .      Faith    .    (no shield)
rNeg    . . .      Spirit   .    k - +1 animal skin
rPois   .          Reflect  .    l - +0 helmet
rElec   +          Rampage  .    G - +0 cloak
rCorr   .                        A - +1 pair of gloves
Will    .....                    (no boots)
Stlth   ++                       q - amulet of Caublib {rElec Regen+ Stlth+}
HPRegen 1.11/turn                e - ring of magical power
MPRegen 0.17/turn                (no ring)

@: lethally poisoned (0 -> -5), about to teleport, unable to hop, slow
A: amphibious, slowness 1, strong legs 1, +LOS
a: Hop, Renounce Religion, Wall of Briars, Grow Ballistomycete


You were on level 7 of the Dungeon.
You worshipped Fedhas.
Fedhas was most pleased with you.
You visited 2 branches of the dungeon, and saw 9 of its levels.
You also visited: Ossuary.

You collected 354 gold pieces.
You spent 120 gold pieces at shops.

Inventory:

Hand Weapons
 a - a +0 falchion of chaos
 r - a +2 short sword of venom
 u - a +0 dagger of holy wrath
 y - a +0 hammer of draining
 B - a +2 flail of protection (weapon)
Armour
 b - a +0 leather armour
 k - a +1 animal skin (worn)
 l - a +0 helmet (worn)
 o - a +1 leather armour of willpower
 A - a +1 pair of gloves (worn)
 G - a +0 cloak (worn)
 L - a +1 ring mail of poison resistance
Magical Staves
 x - the staff of poison "Dyduom Egue" {rElec rPois rF+ Str-2 Dex+3}
   (You found it on level 3 of the Dungeon)

   [staff of poison]

   Base accuracy: +5 Base damage: 5 Base attack delay: 1.2 This weapon's minimum
   attack delay (0.6) is reached at skill level 12.
   Str:       It affects your strength (-2).
   Dex:       It affects your dexterity (+3).
   rF:        It protects you from fire.
   rElec:     It insulates you from electricity.
   rPois:     It protects you from poison.
   It falls into the 'Staves' category.
   It is a one-handed weapon.
Jewellery
 e - a ring of magical power (left hand)
 j - a +6 ring of strength
 n - a ring of protection from fire
 q - the amulet of Caublib (around neck) {rElec Regen+ Stlth+}
   (You found it on level 3 of the Dungeon)

   [amulet of regeneration]

   rElec:     It insulates you from electricity.
   Regen:     It increases your rate of health regeneration.
   Stlth:     It makes you more stealthy.
 s - an amulet of regeneration
Wands
 H - a wand of light (4)
Scrolls
 c - 5 scrolls of identify
 g - a scroll of acquirement {unknown}
 i - 3 scrolls of teleportation
 t - 3 scrolls of magic mapping
 v - 2 scrolls of immolation {unknown}
 z - 2 scrolls of enchant armour
 D - a scroll of summoning {unknown}
 E - 2 scrolls of noise {unknown}
 I - 2 scrolls of fog {unknown}
 J - a scroll of vulnerability
 K - a scroll of poison
Potions
 d - 3 potions of flight
 f - 2 potions of mutation
 h - 2 potions of brilliance
 m - a potion of attraction {unknown}
 p - 3 potions of haste
 w - a potion of lignification {unknown}
 C - a potion of might {unknown}
 F - a potion of curing {unknown}


   Skills:
 + Level 7.6 Fighting
 + Level 8.1 Long Blades
 + Level 7.1 Armour
 - Level 2.1 Dodging
 - Level 2.1 Spellcasting
 - Level 3.2 Conjurations


You had 8 spell levels left.
You knew the following spells:

 Your Spells              Type           Power      Damage    Failure   Level
a - Kiss of Death         Conj/Necr      20%        2d7       13%         1
b - Momentum Strike       Conj/Tloc      10%        3d8       19%         2

Your spell library contained the following spells:

 Spells                   Type           Power      Damage    Failure   Level
 Hailstorm                Conj/Ice       5%         3d4       36%         3
 Petrify                  Tmut/Erth      1%         N/A       94%         4
 Metabolic Englaciation   Hex/Ice        0%         N/A       100%        5
 Statue Form              Tmut/Erth      0%         N/A       100%        6
 Borgnjor's Revivificati  Necr           0%         N/A       100%        8
 Necromutation            Tmut/Necr      0%         N/A       100%        8
 Death's Door             Necr           0%         N/A       100%        9


Dungeon Overview and Level Annotations

Branches:
Dungeon (8/15) Zot: 26960  Temple (1/1) D:5 Zot: 5770 Ossuary (visited)
   Lair: D:8-11

Altars:
Ashenzari
Cheibriados
Elyvilon
Fedhas
Gozag
Hepliaklqana
Makhleb
Okawaru
Qazlal
Ru
Trog
Uskayaw
Vehumet
Wu Jian
Xom
Yredelemnul
Zin
The Shining One

Shops:
D:2 ?

Annotations:
D:2 exclusion: downstairs
D:3 Sigmund
D:4 1 runed translucent door, Crazy Yiuf
D:7 1 runed translucent door


Innate Abilities, Weirdness & Mutations

You are amphibious.
You cover ground slowly.
You can hop short distances.
You have an extended range of vision and can be seen from far away.


Message History

3 howler monkeys come into view.
The howler monkey howls! x2; You hear a shout! x2
The howler monkey howls!
The howler monkey hoots and howls with incredible vigour!
You hear a shout!
You hear an angry hiss.
You hear a shout! x2
There is a stone staircase leading up here.
You climb upwards.
Level annotation: 1 runed translucent door The boulder beetle leaps!
There is a stone staircase leading down here.
You feel yourself slow down.
The iguana hisses angrily.
You see here 12 gold pieces.
You now have 234 gold pieces (gained 12).
The boulder beetle curls into a ball and begins rolling!
The iguana bites you. The iguana bites you.
The gnoll hits you from afar with a +0 spear.
The gnoll hits you from afar with a +0 spear.
The gnoll misses you.
The gnoll sergeant hits you from afar with a +0 spear of venom!
You are poisoned.
The gnoll barely misses you.
You feel very sick.
The gnoll sergeant hits you with a +0 spear of venom. x2
You are more poisoned.
The boulder beetle hits you!
The boulder beetle stops rolling and uncurls.
The iguana misses you. The gnoll hits you but does no damage.
The gnoll hits you from afar with a +0 halberd.
Okay, then.
As you read the scroll of teleportation, it crumbles to dust.
You feel strangely unstable.
You feel very sick. The boulder beetle bites you!
* * * LOW HITPOINT WARNING * * *
The iguana bites you.
You die...
Fedhas appreciates your contribution to the ecosystem.

...#..###.##...........#
..#...#.#............?.#
..###)#................#
#.#...#.............##.#
...#..#..............#.##
....#.#....>....°.......#
.....##.......g°g........#
#.....#......##Bl.........
.....##..#......@.........
....#.#..#####..g.........
...#..#..# #?....(......
#.#...#..####..g........##
..###.##....##.........##
#.#...#.g.g.#.........##
...#..#.....?.........#
....#.#!...............
....)##................#


You could see a boulder beetle, a gnoll sergeant, an iguana and 3 gnolls.

Vanquished Creatures
  A black bear (D:5)
  A phantom (D:5)
  3 scorpions
  A wight (D:7)
  A troll zombie (Ossuary)
  A howler monkey (D:5)
  4 centaur zombies (Ossuary)
  A human zombie (Ossuary)
  An orc priest (D:4)
  2 hounds
  A jelly (D:5)
  Terence (D:2)
  A gnoll bouda (D:7)
  4 iguanas
  Natasha (thrice) (D:2)
  An orc wizard (D:4)
  7 mummies (Ossuary)
  Robin (D:1)
  8 gnolls (D:7)
  7 adders
  2 river rats (D:6)
  A white imp (D:6)
  4 adder zombies (Ossuary)
  5 worms
  2 dart slugs
  13 orcs
  6 endoplasms
  A giant cockroach (D:2)
  14 goblins
  10 hobgoblins
  10 jackals
  8 kobolds
  3 quokkas
  7 ball pythons
  2 bats
  4 frilled lizards
  3 goblin zombies (Ossuary)
  5 hobgoblin zombies (Ossuary)
  4 kobold zombies (Ossuary)
  3 quokka zombies (Ossuary)
  8 rats
  5 rat zombies (Ossuary)
170 creatures vanquished.

Vanquished Creatures (others)
  An orc (D:8)
1 creature vanquished.

Grand Total: 171 creatures vanquished

Notes
Turn   | Place    | Note
-------+----------+-------------------------------------------
     0 | D:1      | Arcadio the Barachi Reaver began the quest for the Orb.
     0 | D:1      | Reached XP level 1. HP: 17/17 MP: 3/3
   337 | D:1      | Reached skill level 1 in Armour
   337 | D:1      | Reached XP level 2. HP: 19/23 MP: 4/5
   536 | D:1      | Reached skill level 4 in Long Blades
   736 | D:1      | Found a faded altar of an unknown god.
  1063 | D:2      | Noticed Terence
  1120 | D:2      | Noticed Robin
  1209 | D:1      | Reached XP level 3. HP: 24/29 MP: 6/6
  1238 | D:1      | Killed Robin
  1442 | D:2      | Reached XP level 4. HP: 22/29 MP: 7/7
  1547 | D:2      | Killed Terence
  1646 | D:2      | Noticed Natasha
  1653 | D:2      | Killed Natasha
  1772 | D:2      | Reached XP level 5. HP: 22/32 MP: 8/8
  1904 | D:2      | Reached skill level 5 in Long Blades
  1919 | D:2      | Noticed Natasha
  1924 | D:2      | Found a blossoming altar of Fedhas.
  1928 | D:2      | Killed Natasha
  1965 | D:2      | Became a worshipper of Fedhas Madash
  2048 | D:2      | Found Bebbuk's Magic Scroll Emporium.
  2095 | D:2      | Noticed Natasha
  2104 | D:2      | Killed Natasha
  2167 | D:2      | Bought a scroll of identify for 24 gold pieces
  2167 | D:2      | Bought a scroll of identify for 24 gold pieces
  2167 | D:2      | Bought a scroll of teleportation for 36 gold pieces
  2167 | D:2      | Bought a scroll of teleportation for 36 gold pieces
  2507 | D:3      | Noticed Sigmund
  2551 | D:3      | Identified the amulet of Caublib {rElec Regen+ Stlth+}
  2701 | D:3      | Reached XP level 6. HP: 21/25 MP: 9/9
  2854 | D:3      | Reached * piety under Fedhas
  2945 | D:3      | Found a radiant altar of Vehumet.
  2964 | D:3      | Identified the staff of poison "Dyduom Egue" {rElec rPois
                  | rF+ Str-2 Dex+3}
  3290 | D:4      | Learned a level 2 spell: Momentum Strike
  3369 | D:4      | Reached skill level 5 in Fighting
  3828 | D:4      | Found a runed translucent door.
  3829 | D:4      | Noticed Crazy Yiuf
  3913 | D:5      | Entered Level 5 of the Dungeon
  3932 | D:5      | Reached skill level 6 in Long Blades
  3966 | D:5      | Reached XP level 7. HP: 30/34 MP: 10/10
  4077 | D:5      | Reached ** piety under Fedhas
  4118 | D:5      | Reached skill level 5 in Armour
  4169 | D:5      | Found a staircase to the Ecumenical Temple.
  4203 | Temple   | Entered the Ecumenical Temple
  4497 | D:5      | Reached skill level 7 in Long Blades
  4761 | D:5      | Reached XP level 8. HP: 61/62 MP: 11/11
  5214 | D:6      | Found a sand-covered staircase.
  5222 | Ossuary  | Entered an ossuary
  5767 | Ossuary  | Reached *** piety under Fedhas
  6284 | D:6      | Found an ornate altar of the Wu Jian Council.
  6342 | D:6      | You fall into a shaft and drop 1 floor!
  6352 | D:7      | Noticed a boulder beetle
  6452 | D:7      | Reached skill level 8 in Long Blades
  6636 | D:7      | Found a large runed translucent door.
  6722 | D:8      | Noticed a yak
  6722 | D:8      | Noticed a yak
  6722 | D:8      | Noticed a yak
  6722 | D:8      | Noticed a yak
  6766 | D:7      | HP: 2/67 [boulder beetle (14)]
  6766 | D:7      | Slain by an iguana

Illustrated notes

Levels and vault maps discovered:
D:1:      lemuel_arrival_behind_the_door_large, layout_loops_corners,
          dreamdust_ecumenical_altar_angels_and_demons,
          amcnicky_mini_corridor_feature
D:2:      layout_loops_ring, serial_shops, nicolae_shop_window_shopping,
          basic_altar, corexii_corridor_pit, uniq_robin, uniq_natasha,
          uniq_terence
D:3:      layout_loops_cross, vehumet_crystals, lemuel_tele_altar, uniq_sigmund
D:4:      layout_cave_pools, uniq_crazy_yiuf_cottage
D:5:      layout_basic, minmay_temple_entry_trees
D:6:      layout_loops_corners, overflow_temple_1_default,
          nicolae_ossuary_entry_monument, lightli_sewer_entry_pipes
D:7:      layout_cave_pools, ebering_ghost_disaster_area,
          hangedman_decor_diamond_cutter, nicolae_shop_fire_sale
          [nicolae_sub_dead_trees]
D:8:      layout_basic, nicolae_sif_muna_little_library
Temple:   eino_temple_scatter_basement

Skill      XL: |  1  2  3  4  5  6  7  8 |
---------------+-------------------------+-----
Armour         | 1 2 3 4 5 7 |  7.1
Long Blades    | 4 5 6 7 8 |  8.1
Fighting       | 3 4 5 6 7 |  7.6
Dodging        | |  2.1
Spellcasting   | |  2.1
Conjurations   | |  3.2

Action                     |  1- 3 |  4- 6 |  7- 9 || total
---------------------------+-------+-------+-------++-------
  Melee: Falchion          |    96 |   234 |       ||   330
         Punch             |     1 |     3 |    11 ||    15
         Flail             |       |    19 |   300 ||   319
         Dagger            |       |       |    86 ||    86
   Cast: Kiss of Death     |     2 |     8 |     1 ||    11
 Invoke: Wall of Briars    |       |       |     1 ||     1
Ability: Hop               |       |       |     2 ||     2
    Use: Scroll            |       |     5 |     8 ||    13
         Potion            |       |       |     1 ||     1
   Stab: Sleeping          |       |     8 |    14 ||    22
 Armour: Leather armour    |    23 |       |       ||    23
         Animal skin       |     2 |    61 |   170 ||   233
  Dodge: Dodged            |    55 |   153 |   298 ||   506

Table legend: (Time is in decaauts)
 A = Elapsed time spent in this place.
 B = Non-inter-level travel time spent in this place.
 C = Inter-level travel time spent in this place.
 D = Time resting spent in this place.
 E = Time spent auto-exploring this place.
 F = Levels seen in this place.
 G = Mean time per level.
                   A        B        C        D        E       F      G
               +--------+--------+--------+--------+--------+-----+--------+
         Total |   7781 |   7571 |    210 |    593 |   4106 |  10 |  778.1 |
       Dungeon |   6674 |   6464 |    210 |    591 |   3666 |   8 |  834.2 |
        Temple |    229 |    229 |      0 |      0 |    169 |   1 |  229.0 |
       Ossuary |    877 |    877 |      0 |      2 |    271 |   1 |  877.0 |
               +--------+--------+--------+--------+--------+-----+--------+

Top non-repeatable levels by time:
     D:1: 1492 daAuts
     D:2: 1386 daAuts
     D:5: 1271 daAuts
 Ossuary: 877 daAuts
     D:4: 814 daAuts
     D:3: 765 daAuts
     D:6: 471 daAuts
     D:7: 447 daAuts
  Temple: 229 daAuts
     D:8: 24 daAuts
